 Dungeon Crawl Stone Soup version 0.19.5 (webtiles) character file.

799 Eitelfritz the Skirmisher (level 7, -10/55 HPs)
             Began as a Demonspawn Abyssal Knight on Mar 5, 2017.
             Was a Priest of Lugonu.
             Killed by divine providence
             ... invoked by an orc priest
              (16 damage)
             ... on level 5 of the Dungeon.
             The game lasted 00:28:30 (5952 turns).

Eitelfritz the Skirmisher (DsAK)                    Turns: 5952, Time: 00:28:32

Health: -10/55     AC: 17    Str: 12    XL:     7   Next: 59%
Magic:  9/9        EV: 12    Int: 14    God:    Lugonu [***...]
Gold:   226        SH:  0    Dex: 14    Spells: 0 memorised, 6 levels left

rFire  . . .     SeeInvis .     a - +1 spear
rCold  . . .     Gourm    .     d - +1 scale mail
rNeg   . . .     Faith    .     (no shield)
rPois  .         Spirit   .     (helmet restricted)
rElec  .         Reflect  .     J - +1 cloak
rCorr  .         Harm     .     k - +0 pair of gloves
MR     .....     Rnd*Tele +     (no boots)
Stlth  ..........               (no amulet)
                                N - ring of teleportation (curse)
                                H - +2 ring of evasion

@: sanguine armour
A: antennae 2, rot immunity, sanguine armour 1
a: Depart the Abyss, Bend Space, Banish, Renounce Religion


You were on level 5 of the Dungeon.
You worshipped Lugonu.
Lugonu was most pleased with you.
You were not hungry.

You visited 1 branch of the dungeon, and saw 6 of its levels.
You visited the Abyss 1 time.

You collected 226 gold pieces.

Inventory:

Hand Weapons
 a - a +1 spear (weapon)
 e - a +0 spear
 h - a +0 spear
 r - a +0 spear
 x - a +0 spear
 y - a +0 blowgun
Missiles
 f - 2 poisoned javelins (quivered)
 g - 4 tomahawks
 A - 19 poisoned needles
Armour
 b - a +0 leather armour
 d - a +1 scale mail (worn)
 k - a +0 pair of gloves (worn)
 m - a +0 chain mail
 w - a +0 scale mail
 B - a +0 chain mail
 F - a +0 chain mail
 J - a +1 cloak (worn)
 L - a cursed +0 helmet
Jewellery
 H - a +2 ring of evasion (left hand)
 I - an uncursed ring of positive energy
 M - an uncursed ring of protection from cold
 N - a cursed ring of teleportation (right hand)
Wands
 p - a wand of iceblast (5/15)
 v - a wand of flame (22/48)
 C - a wand of polymorph (11/24)
Scrolls
 l - 2 scrolls of magic mapping
 D - 2 scrolls of enchant armour
Potions
 i - 3 potions of might
 n - a potion of lignification
 o - a potion of resistance
 q - 2 potions of brilliance {unknown}
 t - a potion of haste {unknown}
 u - a potion of berserk rage
 z - a potion of invisibility {unknown}
 E - a potion of heal wounds {unknown}
Comestibles
 c - 4 bread rations
 j - 2 meat rations
 G - a beef jerky
 O - 8 chunks of flesh


   Skills:
 + Level 4.8 Fighting
 + Level 4.5 Polearms
 + Level 1.7 Throwing
 + Level 4.1 Armour
 + Level 2.4 Dodging
 + Level 1.4 Stealth
 + Level 0.5 Unarmed Combat
 + Level 2.8 Invocations
 + Level 0.4 Evocations


You had 6 spell levels left.
You didn't know any spells.

Dungeon Overview and Level Annotations

Branches:
Dungeon (6/15)
 Temple: D:4-7

Altars:
Elyvilon
Gozag
Hepliaklqana
Ru
Sif Muna
Vehumet
Xom

Shops:
D:5 *


Innate Abilities, Weirdness & Mutations

You have a pair of antennae on your head.
You are immune to rotting.
When seriously injured, your bleeding wounds create armour. (AC +6)


Message History

You hit the orc priest but do no damage.
The orc priest is almost dead.
The orc closely misses you. The orc priest barely misses you.
You completely miss the orc priest.
The orc priest is almost dead.
The orc hits you but does no damage.
The orc priest calls down the wrath of Beogh upon you.
Pain shoots through your body!
* * * LOW HITPOINT WARNING * * *
You hit the orc priest but do no damage.
The orc priest is almost dead.
The orc closely misses you. The orc priest closely misses you.
You hit the orc priest but do no damage.
The orc priest is almost dead.
The orc barely misses you.
Your scale mail prevents you from hitting the orc priest.
The orc priest is almost dead.
The orc priest calls down the wrath of Beogh upon you.
Beogh smites you!
You die...

#.#.# #.≈≈≈≈.....≈# ..#.#
##.≈....⌠.⌠.≈#
#.#.#######...._...∩..≈########
.............≈....⌠.⌠.≈......>#
#.#.########.≈≈≈≈.....≈#####..#
................≈≈≈≈≈≈≈# #..#
#.#.##################.## #..#
#.#............#######..# #..#
#.############.o@.(...#.# #..#
#.# #.o#####.#.# #..### #.#
#..#####.#(## #.(#.. #.#
#..[o..#.#..# #..#.# #..
#.####.#.##.###..#.. ########
###.####........)..... #......#
#........#.##.###..### #.####.#
#.#.####.#.##..##..... #.#.<#.#
#.#.# #.#.###.##.####


You could see an orc priest and an orc.

Vanquished Creatures
  Menkaure (D:4)
  Duvessa (D:4)
  A phantom (D:4)
  Dowan (D:4)
  An orc priest (D:4)
  2 hounds
  A centaur skeleton (D:5)
  An iguana (D:3)
  3 orc wizards
  A worker ant (D:4)
  A hound zombie (D:5)
  6 adders
  A shadow imp (D:5)
  2 adder skeletons
  A worm (D:2)
  2 dart slugs
  4 leopard geckos
  12 orcs
  5 bats
  6 giant cockroaches
  8 goblins
  6 hobgoblins
  5 jackals
  12 kobolds
  A quokka (D:5)
  2 ball pythons
  8 frilled lizards
  A quokka skeleton (D:4)
  A quokka zombie (D:5)
  15 rats
  A plant (D:2)
113 creatures vanquished.

Notes
Turn   | Place    | Note
-------+----------+-------------------------------------------
     0 | Abyss:1  | Eitelfritz the Demonspawn Abyssal Knight began the quest for the Orb.
     0 | Abyss:1  | Reached XP level 1. HP: 18/18 MP: 2/2
     2 | Abyss:1  | Found an ancient bone altar of Kikubaaqudgha.
    56 | Abyss:1  | Noticed a tentacled starspawn
    79 | Abyss:1  | Noticed a large abomination
   115 | D:1      | Escaped the Abyss
   286 | D:1      | Gained mutation: When seriously injured, your bleeding wounds create armour. (AC +6) [demonic ancestry]
   286 | D:1      | Reached XP level 2. HP: 22/24 MP: 3/3
   524 | D:1      | Reached * piety under Lugonu
   574 | D:1      | Reached skill level 1 in Dodging
   687 | D:2      | Reached XP level 3. HP: 4/30 MP: 5/5
  2130 | D:2      | Reached ** piety under Lugonu
  2218 | D:2      | Gained mutation: You have a pair of small antennae on your head. [demonic ancestry]
  2218 | D:2      | Reached XP level 4. HP: 33/37 MP: 6/6
  2640 | D:4      | Noticed Menkaure
  2651 | D:4      | Killed Menkaure
  2651 | D:4      | Reached skill level 1 in Throwing
  2651 | D:4      | Reached skill level 1 in Stealth
  2651 | D:4      | Gained mutation: You are immune to rotting. [demonic ancestry]
  2651 | D:4      | Reached XP level 5. HP: 14/42 MP: 7/7
  2948 | D:3      | Found a deep blue altar of Sif Muna.
  3518 | D:3      | Found a shimmering altar of Xom.
  3520 | D:3      | Found a glowing golden altar of the Shining One.
  3520 | D:3      | Found a white marble altar of Elyvilon.
  3522 | D:3      | Found a hazy altar of Hepliaklqana.
  3522 | D:3      | Found a sacrificial altar of Ru.
  3522 | D:3      | Found a radiant altar of Vehumet.
  3639 | D:4      | Noticed Duvessa
  3729 | D:4      | Noticed Dowan
  3838 | D:3      | Gained mutation: You have a pair of antennae on your head. [demonic ancestry]
  3838 | D:3      | Reached XP level 6. HP: 31/48 MP: 8/8
  4078 | D:4      | Killed Duvessa
  4113 | D:4      | Killed Dowan
  4294 | D:4      | Reached XP level 7. HP: 38/55 MP: 9/9
  4403 | D:5      | Entered Level 5 of the Dungeon
  4809 | D:4      | Reached *** piety under Lugonu
  5443 | D:5      | Found an opulent altar of Gozag.
  5455 | D:5      | Found Gozag's Platinum Reserve.
  5530 | D:6      | Noticed a yak
  5534 | D:6      | Noticed a yak
  5534 | D:6      | Noticed a yak
  5952 | D:5      | Killed from afar by an orc priest

Skill      XL: |  1  2  3  4  5  6  7 |
---------------+----------------------+-----
Dodging        | 1 2 |  2.4
Polearms       | 2 3 4 |  4.5
Armour         | 2 3 4 |  4.1
Fighting       | 4 |  4.8
Throwing       | 1 |  1.7
Stealth        | 1 |  1.4
Unarmed Combat | |  0.5
Invocations    | |  2.8
Evocations     | |  0.4

Action                   |  1- 3 |  4- 6 |  7- 9 || total
-------------------------+-------+-------+-------++-------
Melee: Spear             |   175 |   195 |   225 ||   595
       Unarmed           |       |     2 |       ||     2
       Punch             |       |       |     1 ||     1
Throw: Javelin           |    13 |    12 |       ||    25
Invok: Depart the Abyss  |     1 |       |       ||     1
       Bend Space        |       |       |     1 ||     1
Evoke: Wand              |       |     5 |       ||     5
  Use: Potion            |     1 |       |     1 ||     2
       Scroll            |       |    10 |     3 ||    13
 Stab: Sleeping          |     2 |       |       ||     2
  Eat: Chunk             |     4 |     7 |     4 ||    15
       Beef jerky        |       |       |     1 ||     1
Armor: Leather armour    |    32 |     1 |       ||    33
       Scale mail        |       |    91 |    97 ||   188
Dodge: Dodged            |    60 |    70 |   110 ||   240
